 Dungeon Sprint DCSS version 0.24.0-13-gcf9b319 (webtiles) character file.

Game seed: 5144416671732037013, levelgen mode: deterministic

29687 Fang the Warrior (level 13, -4/129 HPs)
             Began as a Gargoyle Berserker on Nov 18, 2019.
             Was the Champion of Trog.
             Killed from afar by a hellion (27 damage)
             ... with damnation
             ... in the Dungeon (Sprint V: "Ziggurat Sprint").
             The game lasted 00:05:11 (1163 turns).

Fang the Warrior (Gargoyle Berserker)               Turns: 1163, Time: 00:05:12

Health: -4/129     AC: 42    Str: 42    XL:     13   Next: 46%
Magic:  13/13      EV: 10    Int:  7    God:    Trog [******]
Gold:   0          SH: 34    Dex:  9    Spells: 12/12 levels left

rFire    . . .     SeeInvis +   F - +14 obsidian axe {chop, +Fly SInv *Curse} (curse)
rCold    . . .     Gourm    .   E - +18 shield of the Gong {rElec rN+ MR+ EV-5}
rNeg     + + +     Faith    .   b - +15 Maxwell's patent armour {-Cast -Tele rElec MR+ rCorr}
rPois    ∞         Spirit   .   (no helmet)
rElec    +         Reflect  .   (no cloak)
rCorr    +         Harm     .   (no gloves)
MR       ++...     NoTele   +   (no boots) Stlth ..........NoCast +
                                O - amulet of Keamon {+Rage rElec rN+}
HPRegen  0.31/turn              C - +6 ring of strength
MPRegen  0.13/turn              D - +6 ring of strength

@: berserking, mesmerised, very quick
A: blink, blurry vision 1, frail 1, negative energy resistance 1, electricity
resistance, weak 1, unbreathing, petrification resistance, rot immunity, AC +9
a: Blink, Berserk, Trog's Hand, Brothers in Arms, Renounce Religion, Evoke
Berserk Rage, Evoke Flight


You were in the Dungeon.
You worshipped Trog.
Trog was exalted by your worship.
You were not hungry.

You visited 1 branch

Inventory:

Hand Weapons
 a - a +5 broad axe of chaos
 x - a +2 broad axe of electrocution
 F - the cursed +14 obsidian axe (weapon) {chop, +Fly SInv *Curse}
   (You found it in the Dungeon)

   It inflicts extra damage upon your enemies.
   It lets you see invisible.
   It lets you fly.
   It curses itself when equipped.
   It has a curse placed upon it.
 P - a +6 antimagic broad axe
 Z - the +8 frozen axe "Frostbite" {freezing cloud, *Noise +Fly rC+}
   (You found it in the Dungeon)

   It has been specially enchanted to freeze those struck by it, causing extra
   injury to most foes and up to half again as much damage against particularly
   susceptible opponents.
   It can also slow down cold-blooded creatures.
   It protects you from cold.
   It lets you fly.
   It may make noises in combat.
Armour
 b - the +15 Maxwell's patent armour (worn) {-Cast -Tele rElec MR+ rCorr}
   (You found it in the Dungeon)

   It insulates you from electricity.
   It affects your resistance to hostile enchantments.
   It prevents spellcasting.
   It prevents most forms of teleportation.
   It provides partial protection from all sources of acid and corrosion.
 E - the +18 shield of the Gong (worn) {rElec rN+ MR+ EV-5}
   (You found it in the Dungeon)

   It affects your evasion (-5).
   It insulates you from electricity.
   It protects you from negative energy.
   It affects your resistance to hostile enchantments.
Jewellery
 g - an uncursed ring of protection from magic
 o - an uncursed amulet of guardian spirit
 B - an uncursed ring of protection from cold
 C - a +6 ring of strength (left hand)
 D - a +6 ring of strength (right hand)
 G - a +1 ring of protection
 H - a +2 ring of evasion
 J - a +4 amulet of reflection
 K - an uncursed ring of resist corrosion
 L - an uncursed amulet of the gourmand
 O - the amulet of Keamon (around neck) {+Rage rElec rN+}
   (You found it in the Dungeon)

   [amulet of rage]

   It insulates you from electricity.
   It protects you from negative energy.
   It lets you go berserk.
 W - the ring "Coso" {Wiz *Drain rPois Str+3 Int+3}
   (You found it in the Dungeon)

   [ring of wizardry]

   It improves your spell success rate.
   It affects your strength (+3).
   It affects your intelligence (+3).
   It protects you from poison.
   It causes draining when unequipped.
Wands
 u - a wand of disintegration (7)
 v - a wand of iceblast (7)
 w - a wand of acid (7)
Scrolls
 i - 4 scrolls of blinking
 j - 7 scrolls of fog
 k - a scroll of holy word
 l - 4 scrolls of identify
 m - 4 scrolls of remove curse
 n - 2 scrolls of fear
 z - 2 scrolls of acquirement
 A - 4 scrolls of enchant weapon
 Y - 4 scrolls of enchant armour
Potions
 d - 10 potions of curing
 e - 10 potions of heal wounds
 f - 6 potions of haste
 h - 3 potions of berserk rage
 p - 2 potions of invisibility
 q - 4 potions of resistance
 r - a potion of experience
 s - 5 potions of agility
 t - 6 potions of might
Comestibles
 c - 7 rations


   Skills:
 + Level 17.3 Fighting
 + Level 14.9 Axes
 + Level 17.1 Armour
 + Level 13.7 Dodging
 + Level 15.1 Shields


You had 12 spell levels left.
You didn't know any spells.
Your spell library was empty.

Dungeon Overview and Level Annotations

Branches:
Dungeon (1/1)

Altars:
Ashenzari
Cheibriados
Dithmenos
Elyvilon
Fedhas
Gozag
Hepliaklqana
Kikubaaqudgha
Makhleb
Nemelex Xobeh
Okawaru
Qazlal
Ru
Sif Muna
Trog
Uskayaw
Vehumet
Wu Jian
Xom
Yredelemnul
Zin
The Shining One
Beogh
Jiyva
Lugonu


Innate Abilities, Weirdness & Mutations

You are resistant to torment.
Your stone body is resilient. (AC +9)
You are immune to poison.
You resist negative energy. (rN+)
You are resistant to electric shocks. (rElec)
You can survive without breathing.
You are immune to petrification.
You are immune to rotting.
You can translocate small distances at will.
Scrolls take you a little longer to read.
You are frail. (-10% HP)
You are weak. (Str -2)


Message History

Unknown command.
You eat one of the 8 rations.
That ration really hit the spot!
You feel a strong urge to attack something.
Visions of slaying the bat skeleton flood into your mind.
You block the bat skeleton's attack.
GONNNNG!
Your neqoxec gestures at the hellion.
The hellion twists and deforms.
You block the bat skeleton's attack.
GONNNNG!
Unknown command.
You are too injured to fight recklessly!
You fracture the bat skeleton into splinters!!!!
You are no longer entranced.
You feel the power of Trog in you as your rage grows.
You destroy the bat skeleton!
Trog accepts your kill.
Visions of slaying the flying skull flood into your mind.
The hellion gestures at you.
The sphere of damnation explodes!
The damnation engulfs you!!
You die...

▓........
▓.)[=}}|))|)..▓........
▓..:}|n:}|2[..▓........
▓..2z.Z2......▓..▓....)
▓....ZZ2Z.4z..▓.▓▓▓|))▓
▓......znZ....▓..▓.....
▓....nzz......▓.....©..
▓.............▓▓▓▓▓▓▓▓▓
▓.....@.3.....▓...8©8..
▓..▓.......▓..▓..).)}))
▓.............▓..)}[.}.
▓.............▓........
▓......©......▓........
▓▓▓▓▓▓▓▓▓▓▓▓▓▓▓........
▓...))).. ▓..▓†)|▓.
▓.▓.....▓


You could see a reaper, 3 hellions, a red devil, 3 necrophages, 2 flying skulls,
3 wights, a leopard gecko skeleton, a bat skeleton, 2 adder skeletons, a jackal
skeleton and a friendly neqoxec.

Vanquished Creatures
  A ghost moth (D)
  An iron dragon (D)
  An entropy weaver (D)
  A very ugly thing (D)
  4 vampire knights (D)
  2 death oozes (D)
  2 crystal guardians (D)
  A great orb of eyes (D)
  3 vampire magi (D)
  A thrashing horror (D)
  An iron golem (D)
  A skeletal warrior (D)
  A spriggan druid (D)
  An orb spider (shapeshifter) (D)
  2 necromancers (D)
  A shining eye (D)
  A shining eye (shapeshifter) (D)
  2 eyes of devastation (D)
  4 gargoyles (D)
  2 demonic crawlers (D)
  2 guardian mummies (D)
  2 ancient zymes (D)
  4 jumping spiders (D)
  A wind drake (D)
  A hornet (shapeshifter) (D)
  A slime creature (shapeshifter) (D)
  5 slime creatures (D)
  A shadow (D)
  A vampire (D)
  A yak (shapeshifter) (D)
  A wyvern (D)
  A redback (D)
  A tarantella (shapeshifter) (D)
  4 tarantellas (D)
  2 golden eyes (D)
  A basilisk (shapeshifter) (D)
  2 neqoxecs (D)
  A small abomination (D)
  A floating eye (D)
  2 hell hounds (D)
  2 black bears (D)
  4 wolves (D)
  2 necrophages (D)
  A crocodile (D)
  A bullfrog (D)
  5 earth elementals (D)
  2 scorpions (D)
  2 crimson imps (D)
  A quasit (D)
  An orc priest (D)
  4 jellies (D)
  3 iron imps (D)
  A river rat (D)
  2 white imps (D)
  3 ufetubi (D)
  4 oozes (D)
  2 adder skeletons (D)
  An adder zombie (D)
  A worm (shapeshifter) (D)
  2 orcs (D)
  A bat skeleton (D)
  A bat zombie (D)
  A jackal (D)
  A ball python skeleton (D)
  A giant cockroach zombie (D)
117 creatures vanquished.

Vanquished Creatures (collateral kills)
  A crystal guardian (D)
  A mummy priest (D)
  A spriggan druid (D)
  A wolf spider (D)
  An ugly thing (D)
  A demonic crawler (D)
  A jumping spider (D)
  A meliai (shapeshifter) (D)
  A polar bear (D)
  A queen bee (shapeshifter) (D)
  A spriggan (D)
  A yak (shapeshifter) (D)
  A shadow (D)
  2 neqoxecs (D)
  A hell hound (D)
  A necrophage (D)
  2 jellies (D)
  2 iron imps (D)
  An orc priest (D)
  An orc wizard (D)
  A mummy (D)
  A white imp (D)
  3 oozes (D)
  An adder skeleton (D)
  2 bat zombies (D)
  A giant cockroach zombie (D)
  A leopard gecko skeleton (D)
  A leopard gecko zombie (D)
34 creatures vanquished.

Vanquished Creatures (others)
  An earth elemental (D)
  A bat skeleton (D)
2 creatures vanquished.

Grand Total: 153 creatures vanquished

Notes
Turn   | Place    | Note
-------+----------+-------------------------------------------
     0 | D        | Fang the Gargoyle Berserker began the quest for the Orb.
     0 | D        | Reached XP level 1. HP: 14/14 MP: 1/1
     1 | D        | Found a blossoming altar of Fedhas.
     2 | D        | Found the +6 Majin-Bo {vamp, Archmagi MP+6 Int+6}
     2 | D        | Found the +7 great mace "Firestarter" {inner flame, rF++}
     3 | D        | Found a viscous altar of Jiyva.
     3 | D        | Found a hazy altar of Hepliaklqana.
     3 | D        | Found a transporter.
     3 | D        | Found an opulent altar of Gozag.
     3 | D        | Found an ancient bone altar of Kikubaaqudgha.
     3 | D        | Found a corrupted altar of Lugonu.
    15 | D        | Found a burning altar of Makhleb.
    17 | D        | Found a stormy altar of Qazlal.
    17 | D        | Found an iron altar of Okawaru.
    17 | D        | Found a sacrificial altar of Ru.
    17 | D        | Found a sparkling altar of Nemelex Xobeh.
    17 | D        | Found a shimmering blue altar of Sif Muna.
    17 | D        | Found a bloodstained altar of Trog.
    24 | D        | Found the +9 heavy crossbow "Sniper" {velocity, Acc+∞ SInv}
    24 | D        | Found the +10 dark maul {crush}
    24 | D        | Found the +15 Maxwell's patent armour {-Cast -Tele rElec
                  | MR+ rCorr}
    24 | D        | Found the +18 shield of the Gong {rElec rN+ MR+ EV-5}
    24 | D        | Found the cursed +14 obsidian axe {chop, +Fly SInv *Curse}
    77 | D        | Entered arena 2.
    77 | D        | Noticed a hornet
    77 | D        | Found a transporter.
    83 | D        | Killed a hornet
    83 | D        | Reached skill level 5 in Axes
    83 | D        | Reached XP level 2. HP: 22/24 MP: 2/2
    83 | D        | Reached XP level 3. HP: 26/28 MP: 3/3
    83 | D        | Reached XP level 4. HP: 32/34 MP: 4/4
    83 | D        | Reached XP level 5. HP: 36/38 MP: 5/5
    91 | D        | Entered arena 3.
    91 | D        | Noticed a small abomination
    91 | D        | Found a transporter.
    93 | D        | Reached ** piety under Trog
    93 | D        | Reached skill level 5 in Dodging
    94 | D        | Killed a small abomination
    94 | D        | Reached XP level 6. HP: 43/44 MP: 6/6
   103 | D        | Entered arena 4.
   103 | D        | Noticed a tarantella
   103 | D        | Noticed a jumping spider
   103 | D        | Found a transporter.
   108 | D        | Killed a tarantella
   108 | D        | Reached *** piety under Trog
   108 | D        | Reached XP level 7. HP: 41/50 MP: 7/7
   109 | D        | Killed a jumping spider
   117 | D        | Entered arena 5.
   117 | D        | Found a transporter.
   120 | D        | Reached **** piety under Trog
   121 | D        | Reached skill level 1 in Shields
   130 | D        | Entered arena 6.
   130 | D        | Found a transporter.
   132 | D        | Reached ***** piety under Trog
   132 | D        | Reached XP level 8. HP: 49/57 MP: 8/8
   142 | D        | Got the amulet "Ufuwuidaka" {Inacc rC+++ MP+9 Dex-4 Stlth+}
   146 | D        | Entered arena 7.
   146 | D        | Noticed a guardian mummy
   146 | D        | Noticed a mummy priest
   146 | D        | Noticed a guardian mummy
   147 | D        | Found a transporter.
   151 | D        | Killed a guardian mummy
   151 | D        | Reached skill level 10 in Fighting
   151 | D        | Reached skill level 10 in Armour
   152 | D        | Killed a guardian mummy
   152 | D        | Received a gift from Trog
   152 | D        | Gained mutation: You can translocate small distances at
                  | will. [a neqoxec]
   153 | D        | Gained mutation: You are frail. (-10% HP) [a neqoxec]
   155 | D        | Killed a mummy priest
   155 | D        | Reached ****** piety under Trog
   155 | D        | Reached XP level 9. HP: 14/56 MP: 9/9
   163 | D        | Got the ring "Yhoineiph" {rF- Str+3 Int+2 Dex+2 SInv}
   386 | D        | Entered arena 8.
   387 | D        | Found a transporter.
   390 | D        | Reached skill level 5 in Shields
   395 | D        | Received a gift from Trog
   416 | D        | Entered arena 9.
   416 | D        | Noticed a spriggan druid
   416 | D        | Noticed a spriggan druid
   417 | D        | Found the +2 robe of Vines {NoPotionHeal Regen+7}
   420 | D        | Killed a spriggan druid
   420 | D        | Reached skill level 10 in Axes
   426 | D        | Killed a spriggan druid
   426 | D        | Reached XP level 10. HP: 61/63 MP: 10/10
   427 | D        | Found a transporter.
   448 | D        | Entered arena 10.
   448 | D        | Noticed a ghost moth
   449 | D        | Found a transporter.
   451 | D        | Received a gift from Trog
   455 | D        | Killed a ghost moth
   455 | D        | Reached skill level 10 in Dodging
   475 | D        | Entered arena 11.
   475 | D        | Noticed an eye of devastation
   476 | D        | Found the +10 morningstar "Eos" {elec, Halo rElec}
   476 | D        | Found a transporter.
   477 | D        | Received a gift from Trog
   481 | D        | Killed an eye of devastation
   481 | D        | Received a gift from Trog
   491 | D        | Entered arena 12.
   491 | D        | Noticed a thrashing horror
   495 | D        | Found a transporter.
   498 | D        | Killed a thrashing horror
   499 | D        | Reached XP level 11. HP: 68/70 MP: 6/11
   500 | D        | Received a gift from Trog
   500 | D        | Received a gift from Trog
   500 | D        | Reached skill level 10 in Shields
   512 | D        | Got the ring "Ighowkig" {Wiz MR+}
   516 | D        | Got the ring "Zikah" {MP+9 Dex+5}
   518 | D        | Entered arena 13.
   518 | D        | Noticed a vampire mage
   518 | D        | Noticed a vampire mage
   519 | D        | Noticed a vampire knight
   519 | D        | Noticed a necromancer
   519 | D        | Noticed a necromancer
   519 | D        | Noticed a skeletal warrior
   520 | D        | Identified the +7 falchion "Murmur" {elec, rC- Dex+5}
   522 | D        | Found a transporter.
   523 | D        | Received a gift from Trog
   524 | D        | Noticed a jiangshi
   524 | D        | Noticed a phantasmal warrior
   525 | D        | Noticed a flayed ghost
   529 | D        | Killed a vampire mage
   530 | D        | Noticed a shadow wraith
   530 | D        | Noticed a shadow wraith
   531 | D        | Killed a necromancer
   533 | D        | Killed a necromancer
   533 | D        | Received a gift from Trog
   536 | D        | Killed a skeletal warrior
   537 | D        | Killed a vampire knight
   538 | D        | Killed a vampire mage
   572 | D        | Got the amulet of Keamon {+Rage rElec rN+}
   575 | D        | Entered arena 14.
   575 | D        | Noticed a vampire mage
   575 | D        | Identified the ring "Baogiont" {Wiz rF+++ rC- MR- SInv}
   575 | D        | Noticed a vampire knight
   577 | D        | Received a gift from Trog
   577 | D        | Noticed a vampire knight
   578 | D        | Noticed a vampire knight
   585 | D        | Killed a vampire knight
   587 | D        | Killed a vampire knight
   591 | D        | Received a gift from Trog
   592 | D        | Killed a vampire knight
   592 | D        | Reached skill level 15 in Fighting
   592 | D        | Reached XP level 12. HP: 78/78 MP: 12/12
   597 | D        | Killed a vampire mage
   643 | D        | Found a transporter.
   668 | D        | Entered arena 15.
   671 | D        | Noticed an entropy weaver
   676 | D        | Reached skill level 15 in Armour
   677 | D        | Received a gift from Trog
   681 | D        | Killed an entropy weaver
   686 | D        | Received a gift from Trog
   709 | D        | Found a transporter.
   729 | D        | Entered arena 16.
   730 | D        | Noticed a green very ugly thing
   732 | D        | Found the +8 frozen axe "Frostbite" {freezing cloud, *Noise
                  | +Fly rC+}
   732 | D        | Found a transporter.
   735 | D        | Paralysed by a floating eye for 2 turns
   736 | D        | Gained mutation: You are weak. (Str -2) [a neqoxec]
   737 | D        | Received a gift from Trog
   738 | D        | Killed a green very ugly thing
   742 | D        | Received a gift from Trog
   748 | D        | Received a gift from Trog
   794 | D        | Got the ring "Coso" {Wiz *Drain rPois Str+3 Int+3}
   810 | D        | Entered arena 17.
   813 | D        | Noticed a crystal guardian
   813 | D        | Noticed an iron dragon
   813 | D        | Noticed a crystal guardian
   813 | D        | Noticed a crystal guardian
   813 | D        | Noticed an iron golem
   816 | D        | Found a transporter.
   820 | D        | Killed a crystal guardian
   823 | D        | Killed an iron dragon
   823 | D        | Reached XP level 13. HP: 63/85 MP: 13/13
   825 | D        | Killed a crystal guardian
   828 | D        | Received a gift from Trog
   833 | D        | Killed a crystal guardian
  1102 | D        | Entered arena 18.
  1105 | D        | Noticed a death ooze
  1105 | D        | Noticed a great orb of eyes
  1106 | D        | Noticed a death ooze
  1108 | D        | Found a transporter.
  1110 | D        | Killed a death ooze
  1112 | D        | Received a gift from Trog
  1115 | D        | Killed a great orb of eyes
  1117 | D        | Gained mutation: Scrolls take you a little longer to read.
                  | [a shining eye]
  1119 | D        | Killed a death ooze
  1119 | D        | Reached skill level 15 in Shields
  1120 | D        | Received a gift from Trog
  1156 | D        | Entered arena 19.
  1160 | D        | Noticed a reaper
  1163 | D        | Killed from afar by a hellion

Levels and vault maps discovered:
D:        sprint_v [room_start, room_1, room_2, room_3, room_4, room_5, room_6,
          room_7, room_8, room_9, room_10, room_11, room_12, room_13, room_14,
          room_15, room_16, room_17, room_18, room_19, room_20, room_21,
          room_22, room_23, room_24, room_25, room_26, room_27]

Skill      XL: |  1  2  3  4  5  6  7  8  9 10 11 12 13 |
---------------+----------------------------------------+-----
Axes           | 5 6 7 8 9 10 11 12 14 | 14.9
Dodging        | 4 5 6 7 8 9 10 11 13 | 13.7
Fighting       | 7 8 9 10 12 13 15 16 17 | 17.3
Armour         | 6 7 8 9 10 11 13 14 16 17 | 17.1
Shields        | 1 4 7 9 12 14 15 | 15.1

Action                   |  1- 3 |  4- 6 |  7- 9 | 10-12 | 13-15 || total
-------------------------+-------+-------+-------+-------+-------++-------
Melee: Broad axe         |     5 |     6 |    34 |   103 |    32 ||   180
Invok: Berserk           |       |       |       |     5 |     2 ||     7
  Use: Scroll            |       |       |       |       |     3 ||     3
 Stab: Distracted        |       |       |       |     1 |     1 ||     2
  Eat: Chunk             |       |       |       |     4 |     1 ||     5
       Ration            |       |       |       |       |     1 ||     1
Armor: Plate armour      |     2 |     5 |    26 |    37 |     4 ||    74
Dodge: Dodged            |       |     1 |     4 |    22 |     7 ||    34
Block: Shield            |     8 |     9 |    62 |   134 |    31 ||   244
